 Dungeon Crawl Stone Soup version 0.29.1-12-g30fa7ad0bf (webtiles) character file.

Game seed: 7946919926388583520

28 hawla the Chiller (level 3, 0/39 HPs)
             Began as a Meteoran Ice Elementalist on Jan 5, 2023.
             Slain by a jackal (1 damage)
             ... on level 4 of the Dungeon.
             The game lasted 00:02:00 (161 turns).

hawla the Chiller (Meteoran Ice Elementalist)        Turns: 161, Time: 00:02:01

Health: 0/39       AC: 21    Str:  9    XL:     3   Next: 50%
Magic:  2/8        EV:  2    Int: 18    God:
Gold:   30         SH:  0    Dex: 15    Spells: 4/8 levels left

rFire   + . .      SeeInvis .   (no weapon)
rCold   + . .      Faith    .   (no shield)
rNeg    . . .      Spirit   .   (body armour currently unavailable)
rPois   +          Reflect  .   (helmet currently unavailable)
rElec   +          Harm     .   (cloak currently unavailable)
rCorr   +          Rampage  .   (gloves currently unavailable)
Will    .....      NoTele   +   (boots currently unavailable)
Stlth   +.........              (no amulet)
HPRegen 0.13/turn               (no ring)
MPRegen 0.11/turn               (no ring)

@: mighty, tree-form, resistant, glowing, invisible (but backlit and visible)
A: stationary, stasis, torment immunity, boosted hp, sense surroundings 1,
otherworldly, glowing, explore regen
a: no special abilities


You were on level 4 of the Dungeon.
You were a tree.
You visited 1 branch of the dungeon, and saw 4 of its levels.

You collected 30 gold pieces.

Inventory:

Armour
 a - a +0 robe (melded)
Wands
 f - a wand of iceblast (8)
Potions
 b - a potion of magic


   Skills:
 + Level 2.6 Dodging
 - Level 1.4 Stealth
 + Level 3.0 Spellcasting
 + Level 5.2 Ice Magic


You had 4 spell levels left.
You knew the following spells:

 Your Spells              Type           Power      Damage    Failure   Level
a - Freeze                Ice            84%        1d10      1%          1
b - Frozen Ramparts       Ice            42%        1d7       5%          3

Your spell library contained the following spells:

 Spells                   Type           Power      Damage    Failure   Level
 Ozocubu's Armour         Ice            21%        N/A       5%          3
 Hailstorm                Conj/Ice       12%        3d5       50%         4


Dungeon Overview and Level Annotations

Branches:
Dungeon (4/15) Zot: 2238
 Temple: D:4-7

Altars:

Shops:
D:2 :

Annotations:
D:4 Edmund


Innate Abilities, Weirdness & Mutations

You are a tree.
Your roots penetrate the ground, keeping you stationary.
You cannot be teleported.
You are immune to unholy pain and torment.
Your maximum health is greatly increased.
Your equipment is partially melded.
You passively map a small area around you.
You are easily found by Zot.
You glow in the dark.
You regain HP and MP as you explore.


Message History

The wall freezes the jackal.
The wall freezes the jackal but does no damage.
The jackal barely misses you.
The wall freezes the jackal.
The wall freezes Edmund.
Edmund hits you with a +1 flail of protection.
* * * LOW HITPOINT WARNING * * *
A jackal comes into view.
It was a potion of lignification.
You turn into a tree.
Your +0 robe melds into your body.
Your roots penetrate the ground.
The jackal barks!
The wall freezes the jackal.
You kill the jackal!
The wall freezes the jackal but does no damage.
The wall freezes Edmund but does no damage.
Edmund hits you but does no damage.
It was a potion of might.
You feel very mighty all of a sudden.
The frozen ramparts melt away.
The jackal bites you but does no damage.
Edmund hits you but does no damage.
It was a potion of resistance.
You feel protected.
The jackal bites you but does no damage. x2
Edmund hits you but does no damage.
You hit Edmund.
Edmund is heavily wounded.
The jackal bites you but does no damage.
Edmund hits you with a +1 flail of protection.
* * * LOW HITPOINT WARNING * * *
Unknown command.
Casting: Freeze (safe; 1% risk of failure)
Confirm with . or Enter, or press ? or * to list all spells.
Aiming: Freeze (safe; 1% risk of failure)
Press: ? - help, Shift-Dir - straight line, f/p - Edmund
Aim: Edmund, wielding a +1 flail of protection and wearing a +0 scale mail (heavily wounded)
You freeze Edmund.
Edmund is severely wounded.
The jackal bites you but does no damage.
The jackal bites you.
You die...

, , *
##.## , ,
... ,
,... , *
... ,, ,
* #.# , *
#h####.##
*
#@h......
, , #♣#
**
#####.# *
#.....#
#.###.#
#.# #.# ,
#.# #.#
#.# #.#
#.# #.# *
* #.# #.#


You could see Edmund and 2 jackals.

Vanquished Creatures
  Jessica (D:2)
  A jackal (D:4)
  A quokka (D:2)
3 creatures vanquished.

Notes
Turn   | Place    | Note
-------+----------+-------------------------------------------
     0 | D:1      | hawla the Meteoran Ice Elementalist began the quest for the
                  | Orb.
     0 | D:1      | Reached XP level 1. HP: 14/14 MP: 5/5
    29 | D:2      | Noticed Jessica
    35 | D:2      | Killed Jessica
    36 | D:2      | Reached skill level 5 in Ice Magic
    36 | D:2      | Reached XP level 2. HP: 12/20 MP: 2/6
    36 | D:2      | Reached XP level 3. HP: 15/26 MP: 2/8
    42 | D:2      | Learned a level 3 spell: Frozen Ramparts
    44 | D:2      | Found Niengir's Book Emporium.
   147 | D:4      | Noticed Edmund
   156 | D:4      | HP: 1/26 [Edmund/+1 flail of protection (3)]
   161 | D:4      | Slain by a jackal

Illustrated notes

Levels and vault maps discovered:
D:1:      dpeg_arrival_leaves_temple_mockup, layout_basic,
          ebering_ecumenical_altar_petrified
D:2:      layout_loops_ring, serial_shops, shop, minmay_tromino_mix6,
          uniq_jessica
D:3:      layout_loops_corners
D:4:      layout_loops_ring, serial_shops, kennysheep_mini, uniq_duvessa,
          uniq_edmund, uniq_natasha

Skill      XL: |  1  2  3 |
---------------+----------+-----
Ice Magic      | 5 |  5.2
Spellcasting   | 3 |  3.0
Dodging        | |  2.6
Stealth        | |  1.4

Action                   || total
-------------------------++-------
Melee: Unarmed           ||     1
 Cast: Freeze            ||    10
       Frozen Ramparts   ||     1
  Use: Potion            ||     4
       Scroll            ||     1
Armor: Skin              ||     8
Dodge: Dodged            ||     4
